 Dungeon Crawl Stone Soup version 0.30-a0-585-g93115170b9 (webtiles) character file.

Game seed: 3298499256242022511

2025 lunkers the Basher (level 9, -9/72 HPs)
             Began as a Meteoran Cinder Acolyte on Jan 2, 2023.
             Was a Believer of Ashenzari.
             Mangled by a swamp worm (12 damage)
             ... on level 8 of the Dungeon.
             The game lasted 00:10:53 (2846 turns).

lunkers the Basher (Meteoran Cinder Acolyte)        Turns: 2846, Time: 00:10:54

Health: -9/72      AC:  7    Str: 16    XL:     9   Next: 75%
Magic:  4/19       EV: 11    Int: 20    God:    Ashenzari [**....]
Gold:   333        SH:  0    Dex: 10    Spells: 8/20 levels left

rFire   . . .      SeeInvis +    a - -1 mace "Anxiety of Ashenzari" {flame, Fort, Melee} (curse)
rCold   . . .      Faith    .    (no shield)
rNeg    . . .      Spirit   .    b - +0 robe "Restrained Bitterness" {Range, Melee} (curse)
rPois   .          Reflect  .    (no helmet)
rElec   .          Harm     .    n - +0 cloak of the Revealing Gnosis {Cun, Range} (curse)
rCorr   .          Rampage  .    (no gloves)
Will    +....                    (no boots)
Stlth   +                        E - amulet of magic regeneration
HPRegen 0.32/turn                C - ring of the Bound Entitlement {AC+4, Elem, Self} (curse)
MPRegen 0.56/turn                (no ring)

@: glowing, fire susceptible
A: sense surroundings 2, otherworldly, glowing, explore regen
a: Renounce Religion, Shatter the Chains


You were on level 8 of the Dungeon.
You worshipped Ashenzari.
Ashenzari was pleased with you.
You visited 1 branch of the dungeon, and saw 8 of its levels.

You collected 783 gold pieces.
You spent 450 gold pieces at shops.

Inventory:

Hand Weapons
 a - the cursed -1 mace "Anxiety of Ashenzari" (weapon) {flame, Fort, Melee}

   It burns those it strikes, dealing additional fire damage.
   It has a curse which improves the following skills: Fortitude: Armour and
   Shields.
   Melee Combat: Short Blades, Long Blades, Axes, Maces & Flails, Polearms,
   Staves and Unarmed Combat.
 i - a +4 flail
 m - a +2 quarterstaff of chaos
Armour
 b - the cursed +0 robe "Restrained Bitterness" (worn) {Range, Melee}

   It has a curse which improves the following skills: Ranged Combat: Ranged
   Weapons and Throwing.
   Melee Combat: Short Blades, Long Blades, Axes, Maces & Flails, Polearms,
   Staves and Unarmed Combat.
 l - a +2 kite shield
 n - the cursed +0 cloak of the Revealing Gnosis (worn) {Cun, Range}
   (You took it off Crazy Yiuf on level 3 of the Dungeon)

   It has a curse which improves the following skills: Cunning: Dodging and
   Stealth.
   Ranged Combat: Ranged Weapons and Throwing.
 A - +0 fire dragon scales
Jewellery
 j - the amulet of Propriety {Acrobat Int+3}
   (You acquired it on level 6 of the Dungeon)

   [amulet of the acrobat]

   It increases your evasion while moving and waiting.
   Int:       It affects your intelligence (+3).
 C - the cursed ring of the Bound Entitlement (left hand) {AC+4, Elem, Self}
   (You found it on level 7 of the Dungeon)

   [ring of protection]

   AC:        It affects your AC (+4).
   It has a curse which improves the following skills: Elements: Fire Magic, Ice
   Magic, Air Magic and Earth Magic.
   Introspection: Fighting and Spellcasting.
 E - an amulet of magic regeneration (around neck)
Wands
 s - a wand of flame (25)
 v - a wand of charming (6)
 z - a wand of polymorph (9)
 F - a wand of iceblast (10)
Scrolls
 c - 2 scrolls of enchant armour
 f - a scroll of amnesia
 g - a scroll of blinking
 h - a scroll of immolation
 p - 2 scrolls of magic mapping
 q - a scroll of teleportation
 r - a scroll of silence
 w - 2 scrolls of fog
 y - a scroll of enchant weapon
Potions
 d - a potion of ambrosia
 e - 3 potions of might
 k - a potion of lignification
 o - a potion of mutation
 t - 2 potions of heal wounds
 u - a potion of degeneration
 x - 2 potions of curing
 B - a potion of flight
 D - a potion of cancellation
 G - a potion of resistance


   Skills:
 - Level 3.2(4.3) Fighting
 - Level 9.2(11.1) Maces & Flails
 - Level 4.9(6.1) Spellcasting
 * Level 6.0 Conjurations
 - Level 7.3(8.6) Fire Magic
 * Level 6.1(7.3) Air Magic


You had 8 spell levels left.
You knew the following spells:

 Your Spells              Type           Power      Damage    Failure   Level
b - Static Discharge      Conj/Air       66%        2-5/arc   1%          2
c - Vhi's Electric Charg  Tloc/Air       40%        N/A       7%          3
d - Arcjolt               Conj/Air       16%        1d26      19%         5
p - Scorch                Fire           80%        2d9       1%          2

Your spell library contained the following spells:

 Spells                   Type           Power      Damage    Failure   Level
 Dazzling Flash           Conj/Hex       36%        N/A       9%          3
 Stone Arrow              Conj/Erth      36%        3d9       9%          3
 Sandblast                Erth           12%        2d6       10%         1
 Apportation              Tloc           12%        N/A       11%         1
 Necrotise                Necr           24%        1d5       11%         1
 Summon Small Mammal      Summ           24%        N/A       11%         1
 Passwall                 Tmut/Erth      5%         N/A       16%         2
 Sublimation of Blood     Necr           6%         N/A       16%         2
 Wereblood                Tmut           6%         N/A       16%         2
 Lightning Bolt           Conj/Air       16%        1d30      19%         5
 Ozocubu's Armour         Ice            6%         N/A       28%         3
 Iskenderun's Mystic Bla  Conj/Tloc      18%        2d6       30%         4
 Starburst                Conj/Fire      17%        6d6       61%         6
 Metabolic Englaciation   Hex/Ice        3%         N/A       95%         5
 Simulacrum               Ice/Necr       3%         N/A       100%        6
 Summon Hydra             Summ           3%         N/A       100%        7


Dungeon Overview and Level Annotations

Branches:
Dungeon (8/15) Zot: 1938   Temple (0/1) D:7
   Lair: D:8-11

Altars:
Ashenzari
Makhleb
Uskayaw

Shops:
D:8 =

Annotations:
D:5 Sigmund


Innate Abilities, Weirdness & Mutations

You passively map the area around you.
You are easily found by Zot.
You glow in the dark.
You regain HP and MP as you explore.


Message History

The sky beast is severely wounded.
The sky beast hits you but does no damage.
Unknown command.
Unknown command.
Casting: Scorch (safe; 1% risk of failure)
Press: ? - help, Q - select action, (/) - cycle Dir - look around, f - activate Flames lash the sky beast.
The sky beast is burned terribly!
You kill the sky beast!
Unknown command.
Unknown command.
Casting: Scorch (safe; 1% risk of failure)
Press: ? - help, Q - select action, (/) - cycle Dir - look around, f - activate Flames lash the bullfrog.
The bullfrog is burned terribly!
You kill the bullfrog!
Your Conjurations skill increases to level 6!
Your base Air Magic skill increases to level 6!
Unknown command.
Unknown command.
Casting: Scorch (safe; 1% risk of failure)
Press: ? - help, Q - select action, (/) - cycle Dir - look around, f - activate Flames lash the swamp worm.
The swamp worm is lightly wounded.
The swamp worm's fire resistance burns away.
The swamp worm bites you!
* * * LOW HITPOINT WARNING * * *
Unknown command.
Casting: Scorch (safe; 1% risk of failure)
Press: ? - help, Q - select action, (/) - cycle Dir - look around, f - activate Flames lash the swamp worm.
The swamp worm is burned terribly!
The swamp worm is heavily wounded.
The swamp worm bites you!
* * * LOW HITPOINT WARNING * * *
Unknown command.
Casting: Scorch (safe; 1% risk of failure)
Press: ? - help, Q - select action, (/) - cycle Dir - look around, f - activate Flames lash the swamp worm.
The swamp worm is burned terribly!
The swamp worm is severely wounded.
* * * LOW MAGIC WARNING * * *
The swamp worm bites you!
You die...

..........#....###.###*
* ,*
..#...###......#.....#⌠.
* , ......#
#.....)#..(..#.., * 8
.......##....#.).$))...
⌠
.............#.#w./..#.
, ,8,
...............#.....#⌠
, ⌠
..........##...###.### *
#* ##...####..w.....#* ,
** . ..... #[.#@....#,,,
, # ,#...., #..#........
, *,, , #..#.....#.., *
* ,, ,, ,#..####..# ,,,
*, ** ,, ,,##.. ,..#** ,
, , ..., ,..., ,, * , ,
, .. , ..# * , , ,, * ,
, ..# * , , *, , , , ,*


You could see a swamp worm (combustible).

Vanquished Creatures
  A slime creature (D:8)
  A shadow (D:6)
  Menkaure (D:7)
  2 water moccasins
  A black bear (D:5)
  A sky beast (D:8)
  2 ice beasts (D:6)
  A phantom (D:6)
  2 bullfrogs (D:8)
  4 scorpions
  A killer bee (D:7)
  A howler monkey (D:7)
  A jelly (D:6)
  3 orc priests (D:8)
  4 hounds
  An iguana (D:6)
  Crazy Yiuf (D:3)
  2 orc wizards
  4 adders
  A white imp (D:5)
  A worm (D:2)
  5 dart slugs
  8 orcs
  7 ball pythons
  4 bats
  6 endoplasms
  3 giant cockroaches
  7 goblins
  8 hobgoblins
  9 kobolds
  4 quokkas
  A frilled lizard (D:1)
  5 rats
103 creatures vanquished.

Vanquished Creatures (others)
  A demonic plant (D:2)
  19 foxfires (D:1)
20 creatures vanquished.

Grand Total: 123 creatures vanquished

Notes
Turn   | Place    | Note
-------+----------+-------------------------------------------
     0 | D:1      | lunkers the Meteoran Cinder Acolyte began the quest for the
                  | Orb.
     0 | D:1      | Reached XP level 1. HP: 19/19 MP: 3/3
    63 | D:1      | Reached XP level 2. HP: 9/26 MP: 5/5
   202 | D:1      | Reached XP level 3. HP: 21/31 MP: 6/6
   222 | D:1      | Learned a level 2 spell: Scorch
   412 | D:1      | Reached skill level 5 in Maces & Flails
   491 | D:2      | Reached XP level 4. HP: 38/38 MP: 6/8
   548 | D:2      | Found a faded altar of an unknown god.
   548 | D:2      | Noticed a shadow demon
   761 | D:3      | Found a hide-covered altar of Uskayaw.
  1168 | D:3      | Found a runed translucent door.
  1169 | D:3      | Noticed Crazy Yiuf
  1178 | D:3      | Killed Crazy Yiuf
  1179 | D:3      | Reached XP level 5. HP: 20/45 MP: 0/10
  1231 | D:4      | Reached skill level 6 in Maces & Flails
  1238 | D:4      | Found a broken altar of Ashenzari.
  1244 | D:4      | Fell from the grace of Ignis
  1244 | D:4      | Became a worshipper of Ashenzari the Shackled
  1547 | D:4      | Found a burning altar of Makhleb.
  1564 | D:4      | Reached skill level 5 in Fire Magic
  1564 | D:4      | Reached XP level 6. HP: 50/51 MP: 6/11
  1611 | D:5      | Entered Level 5 of the Dungeon
  1636 | D:5      | Reached skill level 7 in Maces & Flails
  1714 | D:5      | Noticed a black bear
  1718 | D:5      | Reached XP level 7. HP: 57/57 MP: 7/12
  1720 | D:5      | Noticed a water moccasin
  1734 | D:5      | Killed a water moccasin
  1735 | D:5      | Reached skill level 8 in Maces & Flails
  1744 | D:5      | Noticed Sigmund
  1890 | D:5      | Reached XP level 8. HP: 37/63 MP: 2/13
  1907 | D:5      | Reached * piety under Ashenzari
  1907 | D:5      | Identified 2 scrolls of acquirement
  2058 | D:6      | Reached skill level 9 in Maces & Flails
  2065 | D:6      | Learned a level 2 spell: Static Discharge
  2069 | D:6      | Learned a level 3 spell: Vhi's Electric Charge
  2075 | D:6      | Learned a level 5 spell: Arcjolt
  2125 | D:6      | Reached skill level 1 in Conjurations
  2125 | D:6      | Reached skill level 1 in Air Magic
  2162 | D:6      | Noticed a shadow
  2165 | D:6      | Killed a shadow
  2181 | D:6      | Gained mutation: You passively map the area around you.
                  | [Meteoran growth]
  2181 | D:6      | Reached XP level 9. HP: 51/70 MP: 7/16
  2193 | D:6      | Acquired 336 gold pieces
  2195 | D:6      | Acquired the amulet of Propriety {Acrobat Int+3}
  2263 | D:6      | Reached ** piety under Ashenzari
  2454 | D:7      | Found a staircase to the Ecumenical Temple.
  2493 | D:7      | Noticed Menkaure
  2497 | D:7      | Killed Menkaure
  2675 | D:8      | Reached skill level 5 in Conjurations
  2675 | D:8      | Reached skill level 5 in Air Magic
  2735 | D:8      | Found Nyvvoosi's Jewellery Emporium.
  2741 | D:8      | Bought an amulet of magic regeneration for 450 gold pieces
  2822 | D:8      | Noticed a slime creature
  2824 | D:8      | Noticed a two-headed ogre
  2828 | D:8      | a two-headed ogre changed into a swamp worm
  2832 | D:8      | Killed a slime creature
  2845 | D:8      | HP: 3/72 [swamp worm (16)]
  2846 | D:8      | Mangled by a swamp worm

Illustrated notes

Levels and vault maps discovered:
D:1:      elethiomel_arrival_shortcut, layout_basic
D:2:      layout_rooms, dreamdust_ecumenical_altar_sealed_demon, serial_glass,
          glass_columns_b, glass_columns_a, glass_columns_c, glass_columns_a,
          glass_columns_a, glass_columns_c, minmay_nonomino_d4
D:3:      layout_rooms, nicolae_uskayaw_murder_on_the_dancefloor, minivault_27,
          uniq_crazy_yiuf_cottage
D:4:      layout_basic, evilmike_ruin_ashenzari,
          mainiacjoe_overflow_small_starburst
D:5:      layout_cave_pools, uniq_sigmund
D:6:      layout_loops_cross, minmay_crystal_room, fountainhead,
          nicolae_kite_square_tiling_tiny, minmay_misc_feat_room
D:7:      layout_cave_pods, jmf_multi_god_temple2,
          minmay_temple_entry_sparse_star, hangedman_decor_riveting,
          uniq_menkaure, uniq_maggie
D:8:      layout_basic, serial_shops, nicolae_shop_trees,
          minmay_chambers_of_fives

Skill      XL: |  1  2  3  4  5  6  7  8  9 |
---------------+----------------------------+-----
Spellcasting   | 2 3 4 |  4.9
Fire Magic     | 4 5 7 |  7.3
Maces & Flails | 5 6 7 8 9 |  9.2
Conjurations   | 2 6 |  6.0
Air Magic      | 2 6 |  6.1
Fighting       | |  3.2

Action                   |  1- 3 |  4- 6 |  7- 9 || total
-------------------------+-------+-------+-------++-------
Melee: Mace              |    56 |    48 |    17 ||   121
       Punch             |       |     3 |       ||     3
 Cast: Scorch            |    12 |    37 |    78 ||   127
       Static Discharge  |       |       |     7 ||     7
       Vhi's Electric Ch |       |       |     1 ||     1
Invok: Foxfire Swarm     |     1 |       |       ||     1
       Curse Item        |       |     1 |     3 ||     4
Evoke: Wand              |       |       |     1 ||     1
  Use: Scroll            |       |     4 |     5 ||     9
       Potion            |       |       |     2 ||     2
Armor: Robe              |    18 |     9 |    27 ||    54
Dodge: Dodged            |    35 |    32 |    41 ||   108

Table legend: (Time is in decaauts)
 A = Elapsed time spent in this place.
 B = Non-inter-level travel time spent in this place.
 C = Inter-level travel time spent in this place.
 D = Time resting spent in this place.
 E = Time spent auto-exploring this place.
 F = Levels seen in this place.
 G = Mean time per level.
                   A        B        C        D        E       F      G
               +--------+--------+--------+--------+--------+-----+--------+
         Total |   2860 |   2709 |    151 |      0 |   1914 |   8 |  357.5 |
       Dungeon |   2860 |   2709 |    151 |      0 |   1914 |   8 |  357.5 |
               +--------+--------+--------+--------+--------+-----+--------+

Top non-repeatable levels by time:
     D:3: 477 daAuts
     D:1: 455 daAuts
     D:4: 444 daAuts
     D:6: 360 daAuts
     D:5: 342 daAuts
     D:2: 300 daAuts
     D:8: 268 daAuts
     D:7: 209 daAuts
